 Dungeon Crawl Stone Soup version 0.32-a0-931-g5a2cda0630 (webtiles) character file.

Game seed: 18291833376431113878

450 runemasterragnar the Chopper (level 7, -2/53 HPs)
             Began as a Coglin Gladiator on Apr 14, 2024.
             Was an Initiate of Okawaru.
             Incinerated by a bombardier beetle (3 damage)
             ... with a burning spray
             ... on level 4 of the Dungeon.
             The game lasted 00:02:58 (1894 turns).

runemasterragnar the Chopper (Coglin Gladiator)     Turns: 1894, Time: 00:02:58

Health: -2/53      AC:  4    Str: 16    XL:     7   Next: 4%
Magic:  7/7        EV: 11    Int:  7    God:    Okawaru [......]
Gold:   91         SH:  0    Dex: 16    Spells: 6/6 levels left

rFire   . . .        a - +0 war axe {Nammahani}
rCold   . . .        f - +0 dagger {Ealdgyð}
rNeg    . . .        b - +0 leather armour
rPois   .            c - +0 helmet
rElec   .            (no cloak)
rCorr   .            (no gloves)
SInv    .            (no boots)
Will    .....        (amulet unavailable)
Stlth   +            (ring unavailable)
HPRegen 0.28/turn    (ring unavailable)
MPRegen 0.10/turn    (no gizmo)

%: no passive effects
@: on fire, glowing, revved
A: off-hand wielding, slow wielding, warmup strikes, no jewellery
a: Invent Gizmo, Renounce Religion


You were on level 4 of the Dungeon.
You worshipped Okawaru.
Okawaru was noncommittal.
You visited 2 branches of the dungeon, and saw 4 of its levels.

You collected 91 gold pieces.

Inventory:

Hand Weapons
 a - a +0 war axe (weapon) {Nammahani}
 f - a +0 dagger (offhand) {Ealdgyð}
Missiles
 d - 3 throwing nets (quivered)
 e - a javelin
Armour
 b - a +0 leather armour (worn)
 c - a +0 helmet (worn)
 k - a +0 scale mail
Wands
 t - a wand of digging (5)
 u - a wand of paralysis (8)
Scrolls
 n - a scroll of enchant weapon
 o - a scroll of amnesia {unknown}
 q - a scroll of enchant armour
Potions
 g - a potion of curing
 l - a potion of cancellation {unknown}
 m - a potion of heal wounds {unknown}
 p - a potion of attraction {unknown}
 r - a potion of might {unknown}
 s - a potion of lignification {unknown}


   Skills:
 + Level 3.7 Fighting
 * Level 5.5 Axes
 + Level 3.3 Throwing
 - Level 2.6 Dodging
 + Level 3.0 Evocations


You had 6 spell levels left.
You didn't know any spells.
Your spell library contained the following spells:

 Spells                   Type           Power      Damage    Failure   Level
 Sandblast                Erth           0%         2d4       50%         1
 Ensorcelled Hibernation  Hex/Ice        0%         N/A       65%         2
 Fugue of the Fallen      Necr           0%         N/A       86%         3
 Stone Arrow              Conj/Erth      0%         3d7       86%         3
 Anguish                  Hex/Necr       0%         N/A       99%         4
 Brom's Barrelling Bould  Conj/Erth      0%         2d3       99%         4
 Olgreb's Toxic Radiance  Alch           0%         N/A       99%         4
 Ozocubu's Refrigeration  Ice            0%         4d7       100%        7
 Discord                  Hex            0%         N/A       100%        8


Dungeon Overview and Level Annotations

Branches:
Dungeon (4/15)             Temple (1/1) D:4

Altars:
Ashenzari
Cheibriados
Dithmenos
Fedhas
Gozag
Kikubaaqudgha
Makhleb
Nemelex Xobeh
Okawaru
Ru
Sif Muna
Trog
Uskayaw
Vehumet
Wu Jian
Zin
The Shining One


Innate Abilities, Weirdness & Mutations

You can wield a second weapon in your off-hand.
It takes a long time for you to wield or remove held weapons.
Your first few attacks do less damage.
You cannot equip rings or amulets.


Message History

* * * LOW HITPOINT WARNING * * *
The black bear barely misses you. The black bear closely misses you.
You hit the black bear with your +0 dagger.
The black bear is severely wounded.
You slash the black bear with your +0 war axe!
You kill the black bear!
Okawaru is honoured by your kill.
Your Evocations skill increases to level 3!
You have reached level 7!
Your brain swirls with designs for a supergenerator N-70.
You just need some more time...
The bombardier beetle waves its antennae.
The bombardier beetle sprays incendiary fluid at you.
The burning spray hits you.
You are covered in liquid fire!
You hit the bombardier beetle with your +0 dagger.
The bombardier beetle is lightly wounded.
You hit the bombardier beetle but do no damage.
You hear the quick hiss of an avalanche of sand very nearby.
The liquid fire burns you!
* * * LOW HITPOINT WARNING * * *
The bombardier beetle bites you but does no damage.
You hit the bombardier beetle but do no damage.
The bombardier beetle is lightly wounded.
You slash the bombardier beetle with your +0 war axe!
The liquid fire burns you!
* * * LOW HITPOINT WARNING * * *
Unknown command.
You closely miss the bombardier beetle with your +0 dagger.
The bombardier beetle is severely wounded.
You closely miss the bombardier beetle with your +0 war axe.
The liquid fire burns you!
* * * LOW HITPOINT WARNING * * *
The bombardier beetle sprays incendiary fluid at you.
The burning spray hits you.
You are even more covered in liquid fire!
You hit the bombardier beetle with your +0 war axe.
The bombardier beetle is almost dead.
You closely miss the bombardier beetle with your +0 dagger.
The liquid fire burns you!
You die...

#.#.# *********∩*********
#.#.# *,,,....,,,,,,,,,,*
#.#.# *,,,...,,,,,,,,,,,*
#######.#.#
*,,,..,,,,,,,,,,,,*
#.........#
*,,#.#******,***,**
#.#####.### **,..* *,* *,*
*,* #.# ##.#* *,* *,** *,*
#.# #B.# *,* *,,, *,*
#.######@#* *,* ****
#.#####.##...#.# *,*
#..........#.#.# *,*
####.#####...#.#######**,*
#,* ##.##........,,,*
*,######.#...######*********
*.......†.).......,,,,,,,,,,
*#########...#####**********
**.#.#.#*


You could see a bombardier beetle.

Vanquished Creatures
  Edmund (D:4)
  2 black bears (D:4)
  2 iguanas (D:4)
  A sleepcap (D:4)
  2 adders
  3 ribbon worms
  2 dart slugs
  5 ball pythons
  4 bats
  2 endoplasms
  2 giant cockroaches
  5 goblins
  5 hobgoblins
  7 kobolds
  2 quokkas
  7 frilled lizards (D:1)
  5 rats
57 creatures vanquished.

Notes
Turn   | Place    | Note
-------+----------+-------------------------------------------
     0 | D:1      | runemasterragnar the Coglin Gladiator began the quest for
                  | the Orb.
     0 | D:1      | Reached XP level 1. HP: 16/16 MP: 1/1
   127 | D:1      | Reached XP level 2. HP: 22/22 MP: 2/2
   639 | D:1      | Reached XP level 3. HP: 28/28 MP: 3/3
  1379 | D:2      | Reached skill level 4 in Axes
  1379 | D:2      | Reached XP level 4. HP: 34/34 MP: 4/4
  1442 | D:2      | You fall into a shaft and drop 2 floors!
  1528 | D:4      | Found a snail-covered altar of Cheibriados.
  1744 | D:4      | Noticed Edmund
  1754 | D:4      | Killed Edmund
  1755 | D:4      | Reached skill level 1 in Evocations
  1755 | D:4      | Reached XP level 5. HP: 41/41 MP: 5/5
  1755 | D:4      | Reached XP level 6. HP: 47/47 MP: 6/6
  1782 | D:4      | Reached skill level 5 in Axes
  1789 | D:4      | Found a staircase to the Ecumenical Temple.
  1815 | Temple   | Entered the Ecumenical Temple
  1825 | Temple   | Became a worshipper of Warmaster Okawaru
  1869 | D:4      | Noticed a black bear
  1875 | D:4      | Killed a black bear
  1879 | D:4      | Noticed a black bear
  1889 | D:4      | Killed a black bear
  1890 | D:4      | Reached XP level 7. HP: 15/53 MP: 7/7
  1893 | D:4      | HP: 1/53 [burnt (4)]
  1894 | D:4      | Incinerated by a bombardier beetle

Illustrated notes

Levels and vault maps discovered:
D:1:      heliophobic_arrival_enchanted_forest, layout_loops_ring,
          grunt_decor_cap, minmay_lizard_pond
D:2:      layout_basic
D:4:      black_bear_nest_2, layout_loops_ring, mainiacjoe_overflow_catwalk,
          minmay_temple_entry_large_hall, chequers_ossuary_entry_cave,
          uniq_edmund
Temple:   nicolae_temple_x_marks_the_god

Skill      XL: |  1  2  3  4  5  6 |
---------------+-------------------+-----
Throwing       | 2 3 |  3.3
Axes           | 4 5 |  5.5
Fighting       | 3 |  3.7
Evocations     | 1 3 |  3.0
Dodging        | |  2.6

Action                     |  1- 3 |  4- 6 |  7- 9 || total
---------------------------+-------+-------+-------++-------
  Melee: War axe           |    84 |    56 |     4 ||   144
         Dagger            |    77 |    52 |     4 ||   133
  Evoke: Wand              |       |     1 |       ||     1
    Use: Scroll            |       |     5 |       ||     5
         Potion            |       |     1 |       ||     1
   Stab: Paralysed         |       |    10 |       ||    10
         Sleeping          |       |     1 |       ||     1
 Armour: Leather armour    |    62 |    44 |     1 ||   107
  Dodge: Dodged            |    63 |    43 |       ||   106

Table legend: (Time is in decaauts)
 A = Elapsed time spent in this place.
 B = Non-inter-level travel time spent in this place.
 C = Inter-level travel time spent in this place.
 D = Time resting spent in this place.
 E = Time spent auto-exploring this place.
 F = Levels seen in this place.
 G = Mean time per level.
                   A        B        C        D        E       F      G
               +--------+--------+--------+--------+--------+-----+--------+
         Total |   1916 |   1856 |     60 |      0 |   1396 |   4 |  479.0 |
       Dungeon |   1895 |   1835 |     60 |      0 |   1396 |   3 |  631.7 |
        Temple |     20 |     20 |      0 |      0 |      0 |   1 |   20.0 |
               +--------+--------+--------+--------+--------+-----+--------+

Top non-repeatable levels by time:
     D:1: 755 daAuts
     D:2: 701 daAuts
     D:4: 439 daAuts
  Temple: 20 daAuts
